 Dungeon Crawl Stone Soup version 0.29.1-1-gd02db6906a (webtiles) character file.

Game seed: 8007918580855735369

4293 Tiocfaidh the Magician (level 10, -1/69 HPs)
             Began as a Vampire Venom Mage on Oct 16, 2022.
             Was an Initiate of Vehumet.
             Slain by a water moccasin (6 damage)
             ... on level 8 of the Dungeon.
             The game lasted 00:58:05 (9449 turns).

Tiocfaidh the Magician (Vampire Venom Mage)         Turns: 9449, Time: 00:58:06

Health: -1/69      AC:  8    Str:  7    XL:     10   Next: 11%
Magic:  20/20      EV: 14    Int: 22    God:    Vehumet [......]
Gold:   401        SH:  0    Dex: 15    Spells: 12/22 levels left

rFire   . . .      SeeInvis +   a - +0 whip (venom)
rCold   + + .      Faith    .   (no shield)
rNeg    . . .      Spirit   .   x - +1 robe of Failos {rC++ Regen+}
rPois   +          Reflect  .   (no helmet)
rElec   .          Harm     .   (no cloak)
rCorr   .          Rampage  .   (no gloves)
Will    ++...                   d - +0 pair of boots
Stlth   +++.......              (no amulet)
HPRegen 1.21/turn               c - ring of the Country {rPois Will+}
MPRegen 0.17/turn               p - +4 ring of protection

@: lethally poisoned (-1 -> -5), healing quickly
A: alive, fangs 3, see invisible, vampiric 2
a: Exsanguinate, Renounce Religion


You were on level 8 of the Dungeon.
You worshipped Vehumet.
Vehumet was noncommittal.
You visited 2 branches of the dungeon, and saw 9 of its levels.

You collected 466 gold pieces.
You spent 65 gold pieces at shops.

Inventory:

Hand Weapons
 a - a +0 whip of venom (weapon)
Armour
 d - a +0 pair of boots (worn)
 x - the +1 robe of Failos (worn) {rC++ Regen+}
   (You found it on level 5 of the Dungeon)

   rC:        It greatly protects you from cold.
   Regen:     It increases your rate of health regeneration.
Jewellery
 c - the ring of the Country (left hand) {rPois Will+}
   (You acquired it on level 5 of the Dungeon)

   [ring of willpower]

   rPois:     It protects you from poison.
   Will:      It increases your willpower.
 f - a ring of poison resistance
 k - a ring of flight
 n - a ring of protection from cold
 p - a +4 ring of protection (right hand)
Wands
 t - a wand of charming (7)
 u - a wand of polymorph (6)
Scrolls
 e - 2 scrolls of noise {unknown}
 h - 2 scrolls of fear
 m - a scroll of magic mapping
 q - a scroll of fog {unknown}
 v - 2 scrolls of teleportation {unknown}
 w - a scroll of enchant armour {unknown}
 y - a scroll of poison {unknown}
 z - a scroll of enchant weapon {unknown}
 A - a scroll of identify
Potions
 b - 2 potions of magic
 g - a potion of invisibility
 i - 2 potions of berserk rage
 j - 4 potions of curing
 l - 3 potions of resistance
 o - 5 potions of degeneration
 r - a potion of attraction
 s - 3 potions of heal wounds {unknown}


   Skills:
 + Level 2.8 Fighting
 + Level 3.6 Short Blades
 + Level 3.0 Maces & Flails
 + Level 5.3 Dodging
 + Level 5.4 Stealth
 + Level 6.9 Spellcasting
 + Level 5.2 Transmutations
 + Level 0.8 Fire Magic
 + Level 4.4 Air Magic
 + Level 6.8 Poison Magic


You had 12 spell levels left.
You knew the following spells:

 Your Spells              Type           Power      Damage    Failure   Level
a - Sting                 Tmut/Pois      100%       1d8       1%          1
b - Poisonous Vapours     Pois/Air       64%        N/A       1%          2
c - Ignite Poison         Fire/Tmut/Pois 26%        N/A       4%          3
d - Olgreb's Toxic Radia  Pois           37%        N/A       4%          4

Your spell library contained the following spells:

 Spells                   Type           Power      Damage    Failure   Level
 Spider Form              Tmut/Pois      34%        N/A       1%          3
 Passwall                 Tmut/Erth      15%        N/A       4%          2
 Mephitic Cloud           Conj/Pois/Air  24%        N/A       5%          3
 Apportation              Tloc           14%        N/A       9%          1
 Necrotise                Necr           28%        1d5       9%          1
 Sandblast                Erth           14%        2d6       9%          1
 Summon Small Mammal      Summ           28%        N/A       9%          1
 Blink                    Tloc           14%        N/A       13%         2
 Ensorcelled Hibernation  Hex/Ice        14%        N/A       13%         2
 Lesser Beckoning         Tloc           7%         N/A       26%         3
 Stone Arrow              Conj/Erth      14%        3d7       26%         3
 Vampiric Draining        Necr           7%         2d6       26%         3
 Anguish                  Hex/Necr       3%         N/A       63%         4
 Leda's Liquefaction      Hex/Erth       3%         N/A       63%         4
 Freezing Cloud           Conj/Ice/Air   7%         6-21      77%         5
 Agony                    Necr           7%         N/A       93%         5
 Lee's Rapid Deconstruct  Erth           3%         3d6*      93%         5
 Manifold Assault         Tloc           7%         N/A       93%         5
 Statue Form              Tmut/Erth      12%        N/A       99%         6


Dungeon Overview and Level Annotations

Branches:
Dungeon (8/15)             Temple (1/1) D:7
   Lair: D:8-11

Altars:
Ashenzari
Cheibriados
Dithmenos
Fedhas
Gozag
Hepliaklqana
Kikubaaqudgha
Makhleb
Nemelex Xobeh
Okawaru
Qazlal
Ru
Sif Muna
Trog
Uskayaw
Vehumet
Wu Jian
Xom
Yredelemnul

Shops:
D:5 (*   D:8 *

Annotations:
D:6 1 runed translucent door, experimilk's ghost, novice TrGl


Innate Abilities, Weirdness & Mutations

Your natural rate of healing is accelerated.
You have razor-sharp teeth.
You have supernaturally acute eyesight. (SInv)
You are afflicted with vampirism and can become a bat while bloodless.


Message History

The water moccasin bites you but does no damage.
You closely miss the water moccasin.
You bite the water moccasin, but do no damage.
The water moccasin is heavily wounded.
You feel very sick.
The water moccasin bites you but does no damage.
You closely miss the water moccasin.
The water moccasin is heavily wounded.
You feel sick. The water moccasin bites you.
* * * LOW HITPOINT WARNING * * *
The water moccasin completely misses you.
You barely miss the water moccasin.
The water moccasin is heavily wounded.
You feel sick. The water moccasin misses you.
You barely miss the water moccasin.
The water moccasin is heavily wounded.
You feel sick. The water moccasin barely misses you.
You closely miss the water moccasin.
The water moccasin is heavily wounded.
You feel sick.
The water moccasin bites you but does no damage.
The water moccasin barely misses you.
You miss the water moccasin.
The water moccasin is heavily wounded.
You feel sick. The water moccasin bites you.
* * * LOW HITPOINT WARNING * * *
You are more poisoned.
The water moccasin poisons you!
You hit the water moccasin.
The water moccasin is severely wounded.
You feel very sick. The water moccasin bites you.
* * * LOW HITPOINT WARNING * * *
You hit the water moccasin.
The water moccasin is almost dead.
You feel very sick. The water moccasin bites you.
* * * LOW HITPOINT WARNING * * *
The water moccasin bites you.
You die...

#.# #.#### #..... #.....
###.##. #...... ###########
#.#....
..........##############.#####
............S@...........>....
..........##############..###.
..........### #....# #.
............# #.##.# #.
............# #.##.# #.
............# #.##.# #.
............# #.##.# #.
............# #.##.# #.
............# #.##.# #.


You could see a water moccasin.

Vanquished Creatures
  Sigmund (D:4)
  6 yaks (D:8)
  A steam dragon (D:7)
  4 water moccasins
  An ice beast (D:7)
  An orc warrior (D:7)
  2 black bears
  A sky beast (D:6)
  An ogre (D:5)
  2 phantoms
  3 centaurs
  5 bullfrogs
  2 necrophages (D:4)
  5 scorpions
  3 howler monkeys
  6 hounds
  2 orc priests (D:6)
  A jelly (D:5)
  3 gnoll boudas
  Terence (D:3)
  3 iguanas
  6 orc wizards
  11 gnolls
  13 adders
  2 white imps
  An ufetubus (D:4)
  4 worms (D:2)
  4 dart slugs
  27 orcs
  7 ball pythons
  5 endoplasms
  A giant cockroach (D:4)
  5 goblins
  7 hobgoblins
  A quokka (D:1)
  2 bats
  5 frilled lizards
  6 kobolds
  4 rats
165 creatures vanquished.

Notes
Turn   | Place    | Note
-------+----------+-------------------------------------------
     0 | D:1      | Tiocfaidh the Vampire Venom Mage began the quest for the
                  | Orb.
     0 | D:1      | Reached XP level 1. HP: 13/13 MP: 3/3
    79 | D:1      | Found a faded altar of an unknown god.
   406 | D:1      | Reached XP level 2. HP: 19/19 MP: 1/5
  1002 | D:2      | Gained mutation: You are afflicted with vampirism and can
                  | become a bat while bloodless. [Vampire growth]
  1002 | D:2      | Reached XP level 3. HP: 23/24 MP: 6/6
  1012 | D:2      | Learned a level 2 spell: Poisonous Vapours
  1270 | D:2      | Reached skill level 1 in Short Blades
  1569 | D:3      | Reached XP level 4. HP: 30/30 MP: 7/7
  1750 | D:3      | Noticed a scorpion
  1918 | D:3      | Noticed Terence
  1927 | D:3      | Killed Terence
  1928 | D:3      | Reached skill level 1 in Air Magic
  2086 | D:3      | Reached XP level 5. HP: 29/35 MP: 3/9
  2306 | D:3      | Found a sacrificial altar of Ru.
  2785 | D:4      | Reached XP level 6. HP: 38/42 MP: 10/10
  2869 | D:4      | Found a sparkling altar of Nemelex Xobeh.
  3476 | D:4      | Noticed Sigmund
  3519 | D:4      | Killed Sigmund
  3520 | D:4      | Reached skill level 1 in Fighting
  3520 | D:4      | Reached XP level 7. HP: 47/48 MP: 2/12
  4034 | D:5      | Entered Level 5 of the Dungeon
  4055 | D:5      | Found Puqimuf's Serpentskin Sales.
  4062 | D:5      | Identified a scroll of acquirement
  4062 | D:5      | Acquired the ring of the Country {rPois Will+}
  4700 | D:5      | Identified the +1 robe of Failos {rC++ Regen+}
  4719 | D:5      | Found Veatiate's Antique Weapon Shop.
  5210 | D:5      | Reached skill level 5 in Poison Magic
  5210 | D:5      | Reached XP level 8. HP: 48/54 MP: 7/14
  5491 | D:5      | Found a basalt altar of Yredelemnul.
  5577 | D:5      | Bought a +0 whip of venom for 65 gold pieces
  5690 | D:6      | Found a bloodstained altar of Trog.
  5722 | D:6      | Found a broken altar of Ashenzari.
  5725 | D:6      | Reached skill level 5 in Spellcasting
  5971 | D:6      | Learned a level 3 spell: Ignite Poison
  6078 | D:6      | Found a runed translucent door.
  6078 | D:6      | Noticed an unseen horror
  6079 | D:6      | Noticed experimilk's ghost (novice TrGl)
  6203 | D:6      | Reached skill level 1 in Maces & Flails
  6203 | D:6      | Reached skill level 5 in Stealth
  6356 | D:6      | Learned a level 4 spell: Olgreb's Toxic Radiance
  6393 | D:6      | Reached XP level 9. HP: 53/61 MP: 3/17
  7029 | D:7      | Found a staircase to the Ecumenical Temple.
  7172 | Temple   | Entered the Ecumenical Temple
  7246 | Temple   | Became a worshipper of Vehumet
  7316 | D:7      | Found a burning altar of Makhleb.
  7324 | D:7      | Found an ancient bone altar of Kikubaaqudgha.
  8995 | D:8      | Found Jisit's General Store.
  9185 | D:8      | Reached skill level 5 in Transmutations
  9185 | D:8      | Reached XP level 10. HP: 41/68 MP: 3/20
  9192 | D:8      | Reached skill level 5 in Dodging
  9449 | D:8      | Slain by a water moccasin

Illustrated notes

Levels and vault maps discovered:
D:1:      wander_arrival_chamber, layout_loops_corners,
          ebering_ecumenical_altar_rust
D:2:      layout_loops_cross, minmay_misc_feat_nine_boxes
D:3:      layout_basic, lemuel_coloured_pillars_altar,
          nicolae_elevator_lobby_plus, uniq_terence
D:4:      layout_basic, mainiacjoe_overflow_catwalk, kennysheep_generic_room_5,
          uniq_sigmund
D:5:      layout_loops_corners, lemuel_crystal_altar, serial_shops,
          kennysheep_little_box, nicolae_concentric_dashed_squares_mild,
          guppyfry_shop_venom
D:6:      layout_basic, trog_book, evilmike_ruin_ashenzari,
          ebering_ghost_inner_flame, minmay_misc_feat_iff
D:7:      layout_basic, mainiacjoe_overflow_catch_the_wave, temple_pool_b
D:8:      layout_basic, lair_entry_dummy, serial_shops, shop, interstate_on_off,
          minmay_bent, uniq_amaemon, uniq_grum
Temple:   regret_index_temple_waves

Skill      XL: |  1  2  3  4  5  6  7  8  9 10 |
---------------+-------------------------------+-----
Poison Magic   | 3 4 5 6 |  6.8
Short Blades   | 1 2 3 |  3.6
Transmutations | 2 3 4 5 |  5.2
Air Magic      | 1 2 3 4 |  4.4
Spellcasting   | 3 4 5 6 |  6.9
Stealth        | 4 5 |  5.4
Fighting       | 1 2 |  2.8
Dodging        | 3 4 5 |  5.3
Maces & Flails | 1 2 3 |  3.0
Fire Magic     | |  0.8

Action                   |  1- 3 |  4- 6 |  7- 9 | 10-12 || total
-------------------------+-------+-------+-------+-------++-------
Melee: Unarmed           |     8 |       |       |       ||     8
       Dagger            |    50 |   116 |    83 |       ||   249
       Bite              |     9 |    18 |    32 |     3 ||    62
       Punch             |     1 |     1 |     4 |       ||     6
       Whip              |       |       |   271 |    38 ||   309
 Cast: Sting             |    36 |    15 |    20 |       ||    71
       Poisonous Vapours |       |    29 |    64 |       ||    93
       Ignite Poison     |       |       |    14 |     1 ||    15
       Olgreb's Toxic Ra |       |       |    21 |       ||    21
  Use: Scroll            |       |     1 |     7 |       ||     8
       Potion            |       |       |     2 |       ||     2
 Stab: Sleeping          |     3 |     5 |     2 |       ||    10
       Distracted        |       |       |     1 |       ||     1
Armor: Robe              |     9 |    33 |   116 |    10 ||   168
Dodge: Dodged            |    25 |    68 |   267 |    23 ||   383
